 Dungeon Crawl Stone Soup version 0.30.0-29-ga12c61a403 (webtiles) character file.

Game seed: 1852604466125469825

54 Sabo the Trooper (level 3, 0/29 HPs)
             Began as a Demonspawn Monk on June 19, 2023.
             Slain by an orc wizard
             ... wielding a +0 dagger
              (3 damage)
             ... on level 2 of the Dungeon.
             The game lasted 00:08:20 (1740 turns).

Sabo the Trooper (Demonspawn Monk)                  Turns: 1740, Time: 00:08:20

Health: 0/29       AC:  7    Str: 13    XL:     3   Next: 66%
Magic:  3/3        EV: 11    Int: 11    God:
Gold:   89         SH:  0    Dex: 15    Spells: 2/2 levels left

rFire   . . .        a - +0 hand axe
rCold   . . .        d - orb {light}
rNeg    . . .        r - +0 scale mail
rPois   +            g - +0 helmet
rElec   .            (no cloak)
rCorr   .            (no gloves)
SInv    .            (no boots)
Will    .....        (no amulet) Stlth
                     h - ring of poison resistance
HPRegen 0.24/turn    (no ring)
MPRegen 0.08/turn

%: no passive effects
@: confused, glowing
A: sturdy frame 1, condensation shield
a: no special abilities


You were on level 2 of the Dungeon.
You visited 1 branch of the dungeon, and saw 2 of its levels.

You collected 89 gold pieces.

Inventory:

Hand Weapons
 a - a +0 hand axe (weapon)
 q - a +0 sling
Missiles
 f - 2 poisoned darts (quivered)
 j - 8 atropa-tipped darts
Armour
 d - an orb of light (worn)
 g - a +0 helmet (worn)
 r - a +0 scale mail (worn)
Jewellery
 h - a ring of poison resistance (left hand)
 p - a +6 ring of intelligence
Scrolls
 b - a scroll of fog {unknown}
 e - a scroll of fear {unknown}
 i - 2 scrolls of identify {unknown}
 l - a scroll of immolation {unknown}
 n - a scroll of silence {unknown}
Potions
 c - a potion of ambrosia
 k - a potion of flight {unknown}
 m - a potion of might {unknown}
 o - a potion of attraction {unknown}


   Skills:
 + Level 3.5 Fighting
 + Level 3.3 Axes
 + Level 0.2 Armour
 + Level 3.1 Dodging
 + Level 0.4 Stealth


You had 2 spell levels left.
You didn't know any spells.
Your spell library contained the following spells:

 Spells                   Type           Power      Damage    Failure   Level
 Sandblast                Erth           0%         2d4       69%         1
 Passwall                 Tmut/Erth      0%         N/A       83%         2
 Sublimation of Blood     Necr           0%         N/A       83%         2
 Wereblood                Tmut           0%         N/A       83%         2
 Stone Arrow              Conj/Erth      0%         3d7       96%         3
 Summon Hydra             Summ           0%         N/A       100%        7


Dungeon Overview and Level Annotations

Branches:
Dungeon (2/15)

Altars:


Innate Abilities, Weirdness & Mutations

Your movements are slightly less encumbered by armour. (ER -2)
A meltable shield of frost defends you. (SH +0)


Message History

You hit the orc.
You feel less confused.
The orc wizard hits you but does no damage.
The orc hits you but does no damage.
You hit the orc wizard but do no damage.
The orc wizard is moderately wounded.
You hit the orc but do no damage.
The orc wizard points at you and mumbles some strange words.
You resist with significant effort. The orc hits you but does no damage.
You hit the orc wizard but do no damage.
The orc wizard is moderately wounded.
You hit the orc but do no damage.
The orc wizard hits you with a +0 dagger.
* * * LOW HITPOINT WARNING * * *
The orc hits you but does no damage.
You barely miss the orc wizard.
The orc wizard is moderately wounded.
You barely miss the orc.
The orc wizard hits you but does no damage.
The orc barely misses you.
You closely miss the orc wizard.
The orc wizard is moderately wounded.
You barely miss the orc.
The orc wizard hits you but does no damage.
The orc barely misses you.
You hit the orc wizard.
The orc wizard is severely wounded.
You hit the orc but do no damage.
The orc wizard hits you with a +0 dagger.
* * * LOW HITPOINT WARNING * * *
The orc completely misses you.
You hit the orc wizard.
The orc wizard is severely wounded.
You hit the orc.
You kill the orc!
The orc wizard closely misses you.
The orc wizard gestures at you while chanting.
You are confused.
The orc wizard hits you with a +0 dagger.
You die...

#....#........ ..#
#....#.....##..#
..###.....###.#.###..
#..#.......##:.†.....
#
#...........###..#...
.. ...........#
##....)
...###.........#
#.#...
#.............#
###... #.)@.......#
#..... ##.†o......#
#.#...
#....)(...####.#...
#..)...............
#..........##.##...
#.............##.#.
##.......######....
##>....## #....#
......#.#######.#.##


You could see an orc wizard (invisible).

Vanquished Creatures
  3 orcs (D:2)
  3 endoplasms
  3 giant cockroaches (D:1)
  6 goblins
  5 hobgoblins
  9 jackals
  4 kobolds
  2 quokkas
  2 ball pythons
  3 bats (D:2)
  3 rats
43 creatures vanquished.

Notes
Turn   | Place    | Note
-------+----------+-------------------------------------------
     0 | D:1      | Sabo the Demonspawn Monk began the quest for the Orb.
     0 | D:1      | Reached XP level 1. HP: 18/18 MP: 1/1
   394 | D:1      | Gained mutation: Your movements are slightly less
                  | encumbered by armour. (ER -2) [demonic ancestry]
   394 | D:1      | Reached XP level 2. HP: 24/24 MP: 2/2
  1405 | D:2      | Gained mutation: A meltable shield of frost defends you.
                  | (SH +0) [demonic ancestry]
  1405 | D:2      | Reached XP level 3. HP: 28/29 MP: 3/3
  1740 | D:2      | Slain by an orc wizard

Illustrated notes

Levels and vault maps discovered:
D:1:      evilmike_arrival_rings, layout_loops_corners
D:2:      layout_rooms

Skill      XL: |  1  2 |
---------------+-------+-----
Axes           | 3 |  3.3
Dodging        | 3 |  3.1
Fighting       | |  3.5
Armour         | |  0.2
Stealth        | |  0.4

Action                     || total
---------------------------++-------
  Melee: Hand axe          ||   120
 Armour: Robe              ||    16
         Ring mail         ||    18
         Scale mail        ||    17
  Dodge: Dodged            ||   107
  Block: Orb               ||    12
